 Dungeon Crawl Stone Soup version 0.30.0-16-gbe6223bb7e (webtiles) character file.

Game seed: 5622747022098647961

45 nikirochi the Sneak (level 3, -1/23 (24) HPs)
             Began as an Octopode Brigand on May 20, 2023.
             Slain by a river rat (9 damage)
             ... summoned by Eustachio
             ... on level 4 of the Dungeon.
             The game lasted 00:03:49 (552 turns).

nikirochi the Sneak (Octopode Brigand)               Turns: 552, Time: 00:03:50

HP:   -1/23 (24)    AC:  1    Str: 10    XL:     3   Next: 64%
MP:   3/3           EV: 13    Int: 13    God:
Gold: 6             SH:  0    Dex: 15    Spells: 2/2 levels left

rFire   . . .        a - +2 dagger
rCold   . . .        (no shield)
rNeg    . . .        (helmet restricted)
rPois   .            (no amulet)
rElec   .            (no ring)
rCorr   .            (no ring)
SInv    .            (no ring)
Will    .....        (no ring)
Stlth   ++++         (no ring)
HPRegen 0.23/turn    (no ring)
MPRegen 0.08/turn    (no ring)
                     (no ring)

%: no passive effects
@: lightly drained
A: almost no armour, amphibious, 8 rings, camouflage 1, gelatinous body 1,
(nimble swimmer 1), tentacles
a: no special abilities


You were on level 4 of the Dungeon.
You visited 2 branches of the dungeon, and saw 5 of its levels.

You collected 6 gold pieces.

Inventory:

Hand Weapons
 a - a +2 dagger (weapon)
Missiles
 b - 9 poisoned darts (quivered)
 c - 3 curare-tipped darts
Scrolls
 d - a scroll of magic mapping {unknown}
 e - a scroll of torment {unknown}
Potions
 f - a potion of curing {unknown}
 g - a potion of attraction {unknown}
 h - a potion of ambrosia {unknown}


   Skills:
 + Level 2.1 Fighting
 + Level 2.1 Short Blades
 + Level 2.2 Throwing
 + Level 1.5 Dodging
 + Level 6.5 Stealth


You had 2 spell levels left.
You didn't know any spells.
Your spell library was empty.

Dungeon Overview and Level Annotations

Branches:
Dungeon (4/15)             Temple (1/1) D:4

Altars:
Elyvilon
Fedhas
Kikubaaqudgha
Nemelex Xobeh
Okawaru
Sif Muna
Trog
Uskayaw
Vehumet
Wu Jian

Shops:
D:2 *

Annotations:
D:4 Eustachio


Innate Abilities, Weirdness & Mutations

You cannot wear most types of armour.
You are amphibious.
You can wear up to eight rings at the same time.
Your skin changes colour to match your surroundings (Stealth+).
Your rubbery body absorbs attacks. (AC +1, EV +1)
((You are camouflaged when in or above water. (Stealth+)))
You have tentacles for arms and can constrict up to eight enemies at once.


Message History

The helpless Eustachio fails to defend himself.
You impale Eustachio!! Your grab misses Eustachio.
Eustachio is severely wounded.
Eustachio mumbles some strange words.
You barely miss Eustachio. Your grab misses Eustachio.
Your squeeze misses Eustachio.
Eustachio is severely wounded.
You hit Eustachio but do no damage. Your grab misses Eustachio.
Eustachio is severely wounded.
Eustachio hits you with a +1 falchion of draining.
You feel drained.
You hit Eustachio. You grab Eustachio.
You squeeze Eustachio, but do no damage.
Eustachio is severely wounded.
You constrict Eustachio, but do no damage.
Eustachio misses you. The river rat bites you. The rat bites you.
You are too injured to fight recklessly!
You hit Eustachio but do no damage.
You squeeze Eustachio, but do no damage.
Eustachio is severely wounded.
You constrict Eustachio. Eustachio closely misses you.
The river rat barely misses you. The rat bites you but does no damage.
You hit Eustachio. Your squeeze misses Eustachio.
Eustachio is almost dead.
You constrict Eustachio. Eustachio closely misses you.
The river rat barely misses you. The rat closely misses you. The rat bites you.
You hit Eustachio but do no damage.
You tentacle-slap Eustachio, but do no damage.
Eustachio is almost dead.
You constrict Eustachio, but do no damage.
Eustachio brags, "I can call spirits from the vasty deep."
Eustachio casts a spell.
The rat bites you. The river rat closely misses you. The rat misses you.
You hit Eustachio.
Eustachio is almost dead.
You constrict Eustachio.
The rat disappears in a puff of smoke! x2
The bat hits you.
Eustachio casts a spell.
Eustachio blinks free!
The river rat bites you!
You die...

#... ..... # #... ...##
.# ... #...# #...###.#
#..##...#####.......
...........#.....#
.#.........#.....# .
###..........#.b§§r#....
)#.$.#..........@§b.....
....#...........r#.##...
.>.#####.........# ..
...†#....#...(...# ...
.#...#..##.....!.# ...
###.^............# .>
.#.#.............# .
.#...............#
.#.........######


You could see a river rat (summoned), a quokka (summoned) and 2 bats.

Vanquished Creatures
  A hound (D:4)
  An adder (D:4)
  2 endoplasms (D:3)
  A hobgoblin (D:2)
  A quokka (D:1)
  A frilled lizard (D:1)
  A rat (D:3)
8 creatures vanquished.

Notes
Turn   | Place    | Note
-------+----------+-------------------------------------------
     0 | D:1      | nikirochi the Octopode Brigand began the quest for the Orb.
     0 | D:1      | Reached XP level 1. HP: 14/14 MP: 1/1
    75 | D:2      | Found Boemud's General Store.
   136 | D:3      | Reached XP level 2. HP: 19/19 MP: 2/2
   195 | D:4      | Found a staircase to the Ecumenical Temple.
   205 | Temple   | Entered the Ecumenical Temple
   532 | D:4      | Reached skill level 6 in Stealth
   532 | D:4      | Reached XP level 3. HP: 24/24 MP: 3/3
   538 | D:4      | Noticed Eustachio
   552 | D:4      | Slain by a river rat

Illustrated notes

Levels and vault maps discovered:
D:1:      evilmike_arrival_plus, layout_rooms
D:2:      layout_rooms, serial_shops, shop, basic_altar,
          hellmonk_ecumenical_altar_inner_sanctum
D:3:      layout_rooms, amcnicky_altar_gilded, minmay_statues_item, st_stairs_9,
          nrook_loot_triangle, uniq_sigmund, uniq_robin
D:4:      layout_basic, mainiacjoe_overflow_boulevard,
          minmay_temple_entry_arrows, uniq_crazy_yiuf_cottage, uniq_edmund,
          uniq_eustachio
Temple:   dpeg_chambers_temple

Skill      XL: |  1  2 |
---------------+-------+-----
Stealth        | 6 |  6.5
Fighting       | |  2.1
Short Blades   | |  2.1
Throwing       | |  2.2
Dodging        | |  1.5

Action                     || total
---------------------------++-------
  Melee: Dagger            ||    22
         Constrict         ||     4
         Tentacles         ||     3
         Punch             ||     1
   Stab: Sleeping          ||     6
 Armour: Skin              ||     1
  Dodge: Dodged            ||    16
